 Dungeon Crawl Stone Soup version 0.29-a0-1023-g6ae1a4a2c7 (webtiles) character file.

Game seed: 5379621398261983975

32 BritishOli the Trooper (level 3, -2/29 HPs)
             Began as a Demonspawn Fighter on Aug 11, 2022.
             Slain by Natasha (8 damage)
             ... on level 2 of the Dungeon.
             The game lasted 00:01:32 (1017 turns).

BritishOli the Trooper (Demonspawn Fighter)         Turns: 1017, Time: 00:01:33

Health: -2/29      AC:  9    Str: 18    XL:     3   Next: 8%
Magic:  3/3        EV:  9    Int:  9    God:
Gold:   24         SH:  4    Dex: 12    Spells: 2/2 levels left

rFire   . . .      SeeInvis .   a - +0 long sword
rCold   . . .      Faith    .   c - +0 buckler
rNeg    . . .      Spirit   .   b - +0 scale mail
rPois   .          Reflect  .   i - +0 helmet
rElec   .          Harm     .   (no cloak)
rCorr   .          Rampage  .   f - +0 pair of gloves
Will    .....                   (no boots)
Stlth   ..........              (no amulet)
HPRegen 0.09/turn               (no ring)
MPRegen 0.08/turn               (no ring)

@: no status effects
A: weakness stinger 1
a: no special abilities


You were on level 2 of the Dungeon.
You visited 1 branch of the dungeon, and saw 2 of its levels.

You collected 24 gold pieces.

Inventory:

Hand Weapons
 a - a +0 long sword (weapon)
Armour
 b - a +0 scale mail (worn)
 c - a +0 buckler (worn)
 f - a +0 pair of gloves (worn)
 i - a +0 helmet (worn)
Jewellery
 k - a +6 ring of intelligence
Wands
 n - a wand of polymorph (12)
Scrolls
 e - a scroll of amnesia {unknown}
 g - a scroll of brand weapon {unknown}
 h - 2 scrolls of identify {unknown}
 m - a scroll of summoning {unknown}
Potions
 d - a potion of might
 l - a potion of berserk rage {unknown}


   Skills:
 + Level 3.3 Fighting
 + Level 2.2 Long Blades
 + Level 3.0 Armour
 + Level 3.0 Shields


You had 2 spell levels left.
You didn't know any spells.
Your spell library was empty.

Dungeon Overview and Level Annotations

Branches:
Dungeon (2/15)

Altars:

Shops:
D:1 :

Annotations:
D:2 Natasha


Innate Abilities, Weirdness & Mutations

You have a small tail.


Message History

You hit Natasha.
Natasha is heavily wounded.
Natasha casts a spell.
Natasha drinks a potion.
Natasha is healed!
You hit Natasha.
Natasha is moderately wounded.
Natasha claws you but does no damage.
You barely miss Natasha.
Natasha is moderately wounded.
You block Natasha's attack.
The crimson imp hits you but does no damage.
You barely miss Natasha.
Natasha is moderately wounded.
Natasha casts a spell at you. The magic dart hits you.
The crimson imp closely misses you. Natasha claws you but does no damage.
You hit Natasha.
Your tail-slap misses Natasha.
Natasha is severely wounded.
The crimson imp hits you. Natasha claws you but does no damage.
You block the crimson imp's attack.
You barely miss Natasha.
You tail-slap Natasha, but do no damage.
Natasha is severely wounded.
Natasha claws you.
The crimson imp hits you but does no damage.
You hit Natasha but do no damage.
Your tail-slap misses Natasha.
Natasha is severely wounded.
The crimson imp disappears in a puff of smoke!
Natasha completely misses you.
The white imp grinds its teeth.
The white imp gestures at you. The puff of frost hits you! Natasha claws you.
* * * LOW HITPOINT WARNING * * *
You are too injured to fight recklessly!
Unknown command.
You are too injured to fight recklessly!
You hit Natasha.
Natasha is almost dead.
Natasha claws you!
You die...

#.........#'#
#...........#
#............
#######.#####......
...................
#.#####.######...##
#.......#### #...#
#.######......###...#
#...h@5'......'.+...+
########......###...#
#......# #####
####<##### #.......#
#^......# #.......+
#.......# .........#


You could see Natasha and a white imp (summoned).

Vanquished Creatures
  An adder (D:1)
  A dart slug (D:1)
  5 bats (D:1)
  3 endoplasms (D:1)
  A goblin (D:1)
  2 kobolds (D:1)
  A quokka (D:1)
  3 ball pythons (D:1)
  A frilled lizard (D:1)
  5 rats
23 creatures vanquished.

Notes
Turn   | Place    | Note
-------+----------+-------------------------------------------
     0 | D:1      | BritishOli the Demonspawn Fighter began the quest for the
                  | Orb.
     0 | D:1      | Reached XP level 1. HP: 18/18 MP: 1/1
    76 | D:1      | Gained mutation: You have a small tail. [demonic ancestry]
    76 | D:1      | Reached XP level 2. HP: 24/24 MP: 2/2
   226 | D:1      | Found a faded altar of an unknown god.
   513 | D:1      | Found Tarron's Vocational Training.
   951 | D:1      | Reached XP level 3. HP: 24/29 MP: 3/3
  1004 | D:2      | Noticed Natasha
  1017 | D:2      | Slain by Natasha

Illustrated notes

Levels and vault maps discovered:
D:1:      elethiomel_arrival_infinity_welcomes_careful_drivers, layout_basic,
          shapermc_ecumenical_altar_venn, nicolae_shop_vocational
D:2:      minmay_chambers_of_twos, layout_basic, uniq_natasha

Skill      XL: |  1  2 |
---------------+-------+-----
Long Blades    | 2 |  2.2
Armour         | 3 |  3.0
Shields        | 3 |  3.0
Fighting       | |  3.3

Action                   || total
-------------------------++-------
Melee: Long sword        ||    66
       Tailslap          ||     5
  Use: Potion            ||     1
Armor: Scale mail        ||    48
Dodge: Dodged            ||    38
Block: Buckler           ||    22

Table legend: (Time is in decaauts)
 A = Elapsed time spent in this place.
 B = Non-inter-level travel time spent in this place.
 C = Inter-level travel time spent in this place.
 D = Time resting spent in this place.
 E = Time spent auto-exploring this place.
 F = Levels seen in this place.
 G = Mean time per level.
                   A        B        C        D        E       F      G
               +--------+--------+--------+--------+--------+-----+--------+
         Total |   1039 |   1020 |     19 |      0 |    815 |   2 |  519.5 |
       Dungeon |   1039 |   1020 |     19 |      0 |    815 |   2 |  519.5 |
               +--------+--------+--------+--------+--------+-----+--------+

Top non-repeatable levels by time:
     D:1: 932 daAuts
     D:2: 106 daAuts
